Description

The main goal of this build is to trick the Zerg into thinking you're grabbing a fast third after opening Stargate, while getting up to 6 gateways and teching into fast charge. The 6th gateway will be proxied across the map for faster warp-ins.

Replay - IronLung v LAMBDA - Lightshade LE

Build Order

Get SALT Encoding   

  12  0:00  Probe  
  13  0:12  Probe  
  14  0:20  Pylon  
  14  0:24  Probe (Chrono Boost)  
  15  0:38  Probe (Chrono Boost)  
  15  0:39  Gateway  
  16  0:46  Probe (Chrono Boost)  
  16  0:47  Assimilator  
  17  0:53  Probe  
  18  1:05  Probe  
  19  1:17  Probe  
  20  1:24  Nexus  
  20  1:34  Cybernetics Core  
  20  1:36  Probe (Chrono Boost)  
  21  1:41  Assimilator  
  21  1:48  Probe (Chrono Boost)  
  21  1:50  Pylon  
  23  2:07  Adept (Chrono Boost)  
  26  2:21  Stargate  
  27  2:32  Warp Gate  
  29  2:37  Adept  
  33  2:58  Void Ray (Chrono Boost)  
  40  3:14  Gateway  
  41  3:23  Twilight Council  
  43  3:33  Pylon  
  45  3:44  Void Ray  
  46  3:54  Pylon x2  2nd Pylon Proxied
  52  4:05  Charge (Chrono Boost)  Continuous Chronoboost
  51  4:13  Gateway x3  
  51  4:24  Gateway  6th Gateway at proxy location
  51  4:27  Zealot x2  Continuous warp ins at proxy location.
  55  4:33  Void Ray  Continuous Void Ray production after first warp in of zealots -- rally across map
  59  4:52  Zealot x2  
Spawning Tool Build Advisor. Get it on Overwolf

Analysis

  • Gateway scout -- Keep scouting probe alive and hide it to build proxy pylon.
  • Build first Voidray before Twilight Council -- Use first Voidray to clear overlords.
  • Build 2nd Voidray and proxy pylon before starting Charge -- Rally second Voidray and a probe to the third base location.
  • Start Gateways 3-6 after Charge starts -- build 6th gateway by the proxy.
  • Proxy location should be close to Zerg's 3rd base location, but far enough to not be scouted.
  • Attack with zealots and voids after first warp in of zealots and charge is complete.

Go to:

Details

  • Created by: IronLung
  • Published on: Mar 16, 2021
  • Modified on: Mar 16, 2021
  • Patch: 4.11.0
  • Difficulty: Easy
Show
View Real Time Build Order
Export as new Build Order

Comments (0)

There are no comments. Be the first!

Create an account to comment!